 Dungeon Crawl Stone Soup version 0.22.0-18-ge075c0d (webtiles) character file.

637 ubloh the Shield-Bearer (level 7, -3/56 HPs)
             Began as a Formicid Fighter on Aug 18, 2018.
             Slain by a scorpion (5 damage)
             ... on level 4 of the Dungeon.
             The game lasted 00:15:46 (3103 turns).

ubloh the Shield-Bearer (Formicid Fighter)          Turns: 3103, Time: 00:15:46

Health: -3/56      AC: 11    Str: 22    XL:     7   Next: 80%
Magic:  7/7        EV:  5    Int:  7    God:
Gold:   101        SH: 11    Dex: 11    Spells: 6/6 levels left

rFire    . . .     SeeInvis +   a - +0 war axe
rCold    . . .     Gourm    .   c - +0 shield
rNeg     . . .     Faith    .   s - +0 plate armour
rPois    .         Spirit   .   (helmet unavailable)
rElec    .         Reflect  .   (no cloak)
rCorr    .         Harm     .   (no gloves)
MR       .....                  (no boots)
Stlth    ..........             (no amulet)
HPRegen  0.18/turn              (no ring)
MPRegen  0.10/turn              (no ring)

@: lethally poisoned (-3 -> -8)
A: permanent stasis, dig shafts and tunnels, four strong arms, antennae 3
a: Dig, Shaft Self


You were on level 4 of the Dungeon.
You were not hungry.

You visited 1 branch of the dungeon, and saw 4 of its levels.

You collected 101 gold pieces.

Inventory:

Hand Weapons
 a - a +0 war axe (weapon)
Armour
 b - a +0 scale mail
 c - a +0 shield (worn)
 k - a +0 large shield
 s - a +0 plate armour (worn)
Jewellery
 i - a +3 ring of strength {unknown}
Scrolls
 g - 2 scrolls of remove curse {unknown}
 h - 11 scrolls of identify {unknown}
 j - 2 scrolls of teleportation {unknown}
 l - a scroll of random uselessness {unknown}
 m - 2 scrolls of immolation {unknown}
Potions
 d - a potion of might
 e - a potion of ambrosia {unknown}
 n - a potion of mutation {unknown}
 o - a potion of lignification {unknown}
 p - a potion of cancellation {unknown}
 q - a potion of berserk rage {unknown}
Comestibles
 f - 4 rations
 r - 6 chunks of flesh


   Skills:
 + Level 5.0 Fighting
 * Level 5.4 Axes
 - Level 3.2 Armour
 * Level 6.9 Shields


You had 6 spell levels left.
You didn't know any spells.
Your spell library was empty.

Dungeon Overview and Level Annotations

Branches:
Dungeon (4/15)
 Temple: D:4-7

Altars:
Fedhas
Hepliaklqana
Ru
Trog
Uskayaw
Yredelemnul
Zin

Annotations:
D:3 Terence


Innate Abilities, Weirdness & Mutations

You cannot be hasted, slowed, berserked, paralysed or teleported.
You can dig through walls and to a lower floor.
Your four strong arms can wield two-handed weapons with a shield.
You have a pair of large antennae on your head. (SInv)


Message History

You feel sick. The scorpion stings you!
* * * LOW HITPOINT WARNING * * *
You closely miss the scorpion.
The scorpion is severely wounded.
* * * LOW HITPOINT WARNING * * *
You feel sick. You block the scorpion's attack. x2
You hit the scorpion but do no damage.
The scorpion is severely wounded.
* * * LOW HITPOINT WARNING * * *
You feel sick. You block the scorpion's attack.
You closely miss the scorpion.
The scorpion is severely wounded.
* * * LOW HITPOINT WARNING * * *
You feel sick.
The scorpion stings you but does no damage.
You barely miss the scorpion.
The scorpion is severely wounded.
* * * LOW HITPOINT WARNING * * *
You feel sick. The scorpion stings you.
You die...

#####################
###....................
#......................
#...........###########
#....s@........# #
#.....%.....##.# #
#...........# # #
#...........# #
#.#'#....#...# # #
#.#..#...#.# # #
.........# #######
..........# .......
#.....>... .......


You could see a scorpion.

Vanquished Creatures
  Sigmund (D:3)
  A bullfrog zombie (D:2)
  A centaur skeleton (D:4)
  2 hounds (D:4)
  3 orc wizards (D:4)
  Natasha (thrice) (D:3)
  3 worker ants (D:4)
  5 adders
  An ooze (D:4)
  2 dart slugs (D:1)
  A leopard gecko (D:1)
  12 orcs (D:4)
  4 ball pythons
  2 giant cockroaches
  7 goblins
  5 hobgoblins
  8 jackals (D:3)
  2 kobolds (D:1)
  A quokka (D:4)
  9 bats
  5 frilled lizards
  A leopard gecko skeleton (D:4)
  6 rats
85 creatures vanquished.

Notes
Turn   | Place    | Note
-------+----------+-------------------------------------------
     0 | D:1      | ubloh the Formicid Fighter began the quest for the Orb.
     0 | D:1      | Reached XP level 1. HP: 18/18 MP: 1/1
   159 | D:1      | Reached XP level 2. HP: 24/24 MP: 2/2
   214 | D:1      | Reached skill level 4 in Shields
   303 | D:1      | Reached XP level 3. HP: 29/29 MP: 3/3
   718 | D:2      | Found a blossoming altar of Fedhas.
  1053 | D:2      | Reached XP level 4. HP: 34/37 MP: 4/4
  1392 | D:2      | Found a sacrificial altar of Ru.
  1609 | D:3      | Found a glowing silver altar of Zin.
  1612 | D:3      | Found a bloodstained altar of Trog.
  1612 | D:3      | Noticed Terence
  1619 | D:3      | Reached XP level 5. HP: 39/42 MP: 5/5
  1658 | D:3      | Reached skill level 5 in Shields
  1948 | D:3      | Found a hide-covered altar of Uskayaw.
  1948 | D:3      | Found a basalt altar of Yredelemnul.
  1948 | D:3      | Noticed Sigmund
  1949 | D:3      | Found a hazy altar of Hepliaklqana.
  1964 | D:3      | Killed Sigmund
  1964 | D:3      | Reached XP level 6. HP: 44/49 MP: 6/6
  1989 | D:3      | Noticed Natasha
  1997 | D:3      | Killed Natasha
  1997 | D:3      | Reached skill level 6 in Shields
  2062 | D:3      | Noticed Natasha
  2067 | D:3      | Killed Natasha
  2075 | D:3      | Noticed Natasha
  2084 | D:3      | Killed Natasha
  2463 | D:4      | Reached XP level 7. HP: 52/55 MP: 7/7
  2731 | D:4      | Reached skill level 5 in Axes
  3077 | D:4      | Reached skill level 5 in Fighting
  3103 | D:4      | HP: 2/56 [poisoned by a scorpion]
  3103 | D:4      | Slain by a scorpion

Skill      XL: |  1  2  3  4  5  6  7 |
---------------+----------------------+-----
Shields        | 4 5 6 |  6.9
Axes           | 3 4 5 |  5.4
Fighting       | 4 5 |  5.0
Armour         | |  3.2

Action                   |  1- 3 |  4- 6 |  7- 9 || total
-------------------------+-------+-------+-------++-------
Melee: War axe           |   121 |   100 |   139 ||   360
  Eat: Chunk             |     1 |     4 |     3 ||     8
Armor: Scale mail        |    56 |    30 |    24 ||   110
       Plate armour      |       |       |    20 ||    20
Dodge: Dodged            |    42 |    38 |    36 ||   116
Block: Shield            |    75 |    59 |    65 ||   199
